 Dungeon Crawl Stone Soup version 0.20-a0-275-ga90a6c4 (webtiles) character file.

438 Herrn the Chopper (level 6, -4/47 HPs)
             Began as a Minotaur Monk on Dec 11, 2016.
             Slain by Pikel
             ... wielding a +0 whip of electrocution
              (12 damage)
             ... on level 4 of the Dungeon.
             The game lasted 00:07:44 (4023 turns).

Herrn the Chopper (Minotaur Monk)                   Turns: 4023, Time: 00:07:44

Health: -4/47      AC:  9    Str: 16    XL:     6   Next: 69%
Magic:  5/5        EV: 11    Int:  9    God:
Gold:   131        SH:  0    Dex: 12    Spells: 5/5 levels left

rFire  + . .     SeeInvis +     j - +0 war axe
rCold  . . .     Gourm    .     r - +0 scale mail
rNeg   . . .     Faith    .     (no shield)
rPois  .         Spirit   .     (helmet restricted)
rElec  .         Reflect  .     (no cloak)
rCorr  .         Harm     .     q - +0 pair of gloves
MR     .....                    (no boots)
Stlth  ..........               (no amulet)
                                u - ring of protection from fire
                                h - ring of see invisible

@: no status effects
A: retaliatory headbutt, horns 2, slimy green scales 1, frail 1, wild magic 1
a: no special abilities


You were on level 4 of the Dungeon.
You were hungry.

You visited 1 branch of the dungeon, and saw 4 of its levels.

You collected 131 gold pieces.

Inventory:

Hand Weapons
 a - a +0 hand axe
 b - a +2 flail of protection
 j - a +0 war axe (weapon)
Armour
 i - a +0 ring mail
 q - a +0 pair of gloves (worn)
 r - a +0 scale mail (worn)
Jewellery
 h - a ring of see invisible (left hand)
 u - a ring of protection from fire (right hand)
Wands
 v - a wand of flame (13/48)
Scrolls
 d - a scroll of enchant weapon {unknown}
 e - 2 scrolls of remove curse {unknown}
 m - 2 scrolls of identify {unknown}
 n - 2 scrolls of noise {unknown}
 p - a scroll of fog {unknown}
 t - a scroll of teleportation {unknown}
Potions
 l - 3 potions of brilliance
Comestibles
 c - 3 bread rations
 f - a slice of pizza
 g - 3 fruits


   Skills:
 + Level 4.7 Fighting
 * Level 7.7 Axes
 + Level 2.0 Armour
 + Level 4.3 Dodging
 - Level 1.5 Stealth
 + Level 0.1 Evocations


You had 5 spell levels left.
You didn't know any spells.

Dungeon Overview and Level Annotations

Branches:
Dungeon (4/15)
 Temple: D:4-7

Altars:
Ashenzari
Hepliaklqana
Trog

Annotations:
D:4 Pikel


Innate Abilities, Weirdness & Mutations

You reflexively headbutt those who attack you in melee.
You have a pair of horns on your head.
You are partially covered in slimy green scales. (AC +2)
You are frail. (-10% HP)
Your spells are a little harder to cast, but a little more powerful.


Message History

You are too injured to fight recklessly!
You are too injured to fight recklessly!
You are too injured to fight recklessly!
You are too injured to fight recklessly!
You are too injured to fight recklessly!
You are too injured to fight recklessly!
You are too injured to fight recklessly!
You are too injured to fight recklessly!
You are too injured to fight recklessly!
You are too injured to fight recklessly!
You are too injured to fight recklessly!
Pikel waves his whip at you. Pikel hits you but does no damage.
Pikel says, "It's all about the gold, really."
Pikel cracks his whip.
There is a stone staircase leading down here.
Pikel hits you with a whip of electrocution.
* * * LOW HITPOINT WARNING * * *
You are electrocuted!
You die...

#Z# #.####.# #.# #.# #.# #.# #.#
#.####.####.###### #.#
..p....##.p.pZ...# #.#
#..#p...#.#.####p# #.#
...#...p..#.# #.# ####.#
##.##.......# #Z# #.....
#.....###### #K# ###.#### #####.#
#@### ##....... #.# #...#
#........ ##'# ###.# #..#.##..
##...## #.# #).#.##.. ##.....##
###.# #..#.##.. ##.......##
##.#.# #..#.#...
##.........####)...######........
.'.........'.....................
#.........####....#######.......


You could see Pikel, a slave and a centaur skeleton.

Vanquished Creatures
  Edmund (D:4)
  2 slaves (D:4)
  A scorpion (D:4)
  A hound (D:4)
  An orc priest (D:4)
  2 orc wizards (D:4)
  A worker ant (D:4)
  Robin (D:3)
  4 adders
  2 oozes
  An adder skeleton (D:4)
  A worm (D:2)
  A dart slug (D:1)
  3 leopard geckos
  5 orcs
  5 giant cockroaches
  11 goblins
  11 hobgoblins
  9 jackals
  A quokka (D:4)
  4 bats
  7 frilled lizards
  6 kobolds
  9 rats
90 creatures vanquished.

Notes
Turn   | Place    | Note
-------+----------+-------------------------------------------
     0 | D:1      | Herrn the Minotaur Monk began the quest for the Orb.
     0 | D:1      | Reached XP level 1. HP: 19/19 MP: 0/0
    45 | D:1      | Reached skill level 4 in Axes
   223 | D:1      | Reached XP level 2. HP: 21/27 MP: 1/1
   803 | D:2      | Reached XP level 3. HP: 22/33 MP: 2/2
  1154 | D:2      | Reached skill level 5 in Axes
  1343 | D:2      | Reached XP level 4. HP: 39/40 MP: 3/3
  1495 | D:3      | Noticed Robin
  1522 | D:3      | Killed Robin
  1873 | D:3      | Found a hazy altar of Hepliaklqana.
  2044 | D:3      | Found a faded altar of an unknown god.
  2366 | D:3      | Found a bloodstained altar of Trog.
  2523 | D:4      | Reached XP level 5. HP: 42/47 MP: 4/4
  2554 | D:4      | Noticed Edmund
  2587 | D:4      | Gained mutation: You are frail. (-10% HP) [potion of mutation]
  2587 | D:4      | Gained mutation: Your spells are a little harder to cast, but a little more powerful. [potion of mutation]
  2587 | D:4      | Gained mutation: You are partially covered in slimy green scales. (AC +2) [potion of mutation]
  2594 | D:4      | Killed Edmund
  2594 | D:4      | Reached skill level 6 in Axes
  2594 | D:4      | Reached skill level 1 in Armour
  2907 | D:4      | Reached skill level 7 in Axes
  2907 | D:4      | Reached XP level 6. HP: 8/47 MP: 5/5
  3325 | D:4      | Noticed a two-headed ogre
  3599 | D:4      | Found a shattered altar of Ashenzari.
  3954 | D:4      | Noticed a slave
  3959 | D:4      | Noticed a slave
  3961 | D:4      | Killed a slave
  3962 | D:4      | Noticed Pikel
  3962 | D:4      | Noticed a slave
  3962 | D:4      | Noticed a slave
  3974 | D:4      | Killed a slave
  4023 | D:4      | Slain by Pikel

Vault maps used:
D:1:      zaba_arrival_water
D:2:      first_bread
D:3:      lightli_temple_of_fire, lemuel_round_altar,
          chequers_ecumenical_altar_lobes, uniq_robin
D:4:      nicolae_overflow_crystal_walls, uniq_pikel, uniq_edmund

Skill      XL: |  1  2  3  4  5  6 |
---------------+-------------------+-----
Axes           | 4 5 7 |  7.7
Fighting       | 4 |  4.7
Dodging        | 4 |  4.3
Armour         | 1 2 |  2.0
Stealth        | |  1.5
Evocations     | |  0.1

Action                   |  1- 3 |  4- 6 || total
-------------------------+-------+-------++-------
Melee: Hand axe          |    93 |   145 ||   238
       Headbutt          |    13 |    24 ||    37
       War axe           |       |    23 ||    23
Evoke: Wand              |       |     6 ||     6
  Use: Potion            |       |     7 ||     7
 Stab: Sleeping          |     5 |       ||     5
       Invisible         |       |     5 ||     5
  Eat: Chunk             |       |     9 ||     9
Armor: Robe              |     9 |       ||     9
       Ring mail         |    17 |    17 ||    34
       Scale mail        |       |    30 ||    30
Dodge: Dodged            |    55 |    89 ||   144
